[Event "Titled Tuesday Blitz October 11 Early 2022"]
[White "Pourkashiyan, Atousa"]
[Black "Korchmar, Vasiliy"]
[WhiteFideId "12502014"]
[BlackFideId "24131750"]
[WhiteElo "2247"]
[BlackElo "2370"]
[Result "0-1"]
[Round "07"]
[TimeControl "180+1"]
[Date "2022.10.12"]
[WhiteClock "0:00:07"]
[BlackClock "0:00:06"]

1. e4 c5 2. Nf3 d6 3. d4 cxd4 4. Nxd4 Nf6 5. Nc3 Nc6 6. Be2 g6 7. O-O Bg7 8. Be3 O-O 9. Qd2 Ng4 10. Bxg4 Bxg4 11. Nd5 Rc8 12. c4 Nxd4 13. Bxd4 Rxc4 14. Bxg7 Kxg7 15. Ne3 Rxe4 16. f3 Rxe3 17. Qxe3 Be6 18. Qxa7 Qd7 19. Rac1 Qb5 20. b3 h5 21. Rc7 h4 22. Rxb7 Qe2 23. Rxe7 h3 24. Qd4+ Kg8 25. Qf2 Qe5 26. g3 Rc8 27. Re1 Qf5 28. Qe3 Rc2 29. Re2 Rxa2 30. Rxe6 fxe6 31. Qxe6+ Qxe6 32. Rxe6 Rg2+ 33. Kf1 Rxh2 34. Rxg6+ Kh7 35. Rg4 d5 36. b4 Rb2 37. Rh4+ Kg6 38. Rxh3 Rxb4 39. Rh8 Kf5 40. Kg2 Rb2+ 41. Kh3 Rf2 42. Rh5+ Ke6 43. f4 d4 44. Re5+ Kd6 45. Re8 Kd5 46. Rd8+ Ke4 47. Kg4 d3 48. Re8+ Kd4 49. Rd8+ Ke3 50. Rf8 d2 51. Rd8 Rf1 52. Re8+ Kd3 53. Rd8+ Ke2 54. Re8+ Kf2 55. Rd8 d1=Q+ 56. Rxd1 Rxd1 57. f5 Ke3 58. f6 Ke4 59. Kg5 Ke5 60. f7 Rf1 61. Kg6 Ke6 62. g4 Rxf7 63. g5 Ke7 64. Kh6 Kf8 65. g6 Rg7 66. Kg5 Ke7 67. Kh6 Kf6 68. Kh5 Rxg6 0-1


[Site "https://www.chess.com"]

[Event "Titled Tuesday Blitz October 11 Early 2022"]
[White "Predke, Alexandr"]
[Black "Heinemann, Josefine"]
[WhiteFideId "24107581"]
[BlackFideId "12900460"]
[WhiteElo "2614"]
[BlackElo "2300"]
[Result "1-0"]
[Round "07"]
[TimeControl "180+1"]
[Date "2022.10.12"]
[WhiteClock "0:01:42"]
[BlackClock "0:01:20"]

1. Nf3 d5 2. g3 c6 3. Bg2 Nf6 4. O-O g6 5. d4 Bg7 6. a4 O-O 7. a5 Bf5 8. Bf4 a6 9. Nbd2 Ne4 10. c3 Nxd2 11. Nxd2 Nd7 12. e4 dxe4 13. Nxe4 e5 14. Bg5 f6 15. Be3 exd4 16. Bxd4 Re8 17. Nd6 Rf8 18. Qb3+ Kh8 19. Nf7+ Rxf7 20. Qxf7 Qc7 21. Bb6 Qd6 22. Rad1 Qe6 23. Qxe6 Bxe6 24. Rfe1 Bg4 25. f3 Bf5 26. g4 Nxb6 27. axb6 Bc2 28. Rd7 1-0


[Site "https://www.chess.com"]

[Event "Titled Tuesday Blitz October 11 Early 2022"]
[White "Principe, Gerson"]
[Black "Mihailidis, Anastasios"]
[WhiteFideId "3804550"]
[BlackFideId "4205588"]
[WhiteElo "2280"]
[BlackElo "2312"]
[Result "0-1"]
[Round "07"]
[TimeControl "180+1"]
[Date "2022.10.12"]
[WhiteClock "0:00:03"]
[BlackClock "0:00:06"]

1. d4 d5 2. Nf3 e6 3. c4 Nf6 4. Nc3 Be7 5. g3 O-O 6. Bg2 dxc4 7. O-O a6 8. Ne5 Nc6 9. Nxc6 bxc6 10. Bxc6 Rb8 11. Bg2 c5 12. dxc5 Bxc5 13. Qa4 Qb6 14. Qxc4 Bd7 15. Na4 Bxa4 16. Qxa4 Rfd8 17. e3 Qb5 18. Qxb5 axb5 19. b3 Nd5 20. Bb2 Nb4 21. a3 Nd3 22. Bc3 Rbc8 23. Ba5 Rd7 24. Rfd1 Ne5 25. Rxd7 Nxd7 26. Rc1 Rb8 27. Bc6 Bb6 28. Bd2 Ne5 29. Bxb5 Nf3+ 30. Kg2 Nxd2 31. b4 g6 32. a4 Kf8 33. Be2 Ne4 34. a5 Bd8 35. a6 Nd6 36. b5 Ke7 37. Rb1 Bb6 38. Rc1 Rc8 39. Rd1 Ba7 40. Rb1 Rb8 41. Kf1 f6 42. Ke1 e5 43. Kd2 Ke6 44. Bd3 Kd5 45. f3 Nc4+ 46. Ke2 Nd6 47. Kd2 Kc5 48. Rc1+ Kd5 49. Ke2 Nxb5 50. e4+ Kd6 0-1


[Site "https://www.chess.com"]

[Event "Titled Tuesday Blitz October 11 Early 2022"]
[White "Prokofiev, Valentyn"]
[Black "Indjic, Aleksandar"]
[WhiteFideId "14160161"]
[BlackFideId "911925"]
[WhiteElo "2259"]
[BlackElo "2592"]
[Result "1-0"]
[Round "07"]
[TimeControl "180+1"]
[Date "2022.10.12"]
[WhiteClock "0:01:12"]
[BlackClock "0:02:03"]

1. d4 Nf6 2. c4 c5 3. d5 e6 4. Nf3 d6 5. Nc3 exd5 6. cxd5 g6 7. e4 a6 8. a4 Bg4 9. Be2 Bxf3 10. Bxf3 Nbd7 11. O-O Bg7 12. Be2 O-O 13. f4 Re8 14. Bf3 c4 15. Be3 Nxe4 16. Nxe4 f5 17. Nxd6 Rxe3 18. Nxc4 Re8 19. d6 Rb8 20. Qd5+ Kh8 21. Rae1 Rxe1 22. Rxe1 Nb6 23. Nxb6 Qxb6+ 24. Kh1 Qb4 25. Rd1 Qxf4 26. d7 Rd8 27. Re1 h5 28. Re8+ Kh7 29. Rxd8 Be5 30. Rh8+ 1-0


[Site "https://www.chess.com"]

[Event "Titled Tuesday Blitz October 11 Early 2022"]
[White "Reprintsev, Alexander"]
[Black "Ovezdurdyyeva, Jemal"]
[WhiteFideId "14100541"]
[BlackFideId "14001888"]
[WhiteElo "2230"]
[BlackElo "1961"]
[Result "0-1"]
[Round "07"]
[TimeControl "180+1"]
[Date "2022.10.12"]
[WhiteClock "0:00:13"]
[BlackClock "0:00:44"]

1. e4 d6 2. d4 Nf6 3. Nc3 g6 4. h4 h5 5. Nf3 c6 6. Ng5 b5 7. f3 Bg7 8. Be3 a6 9. a4 b4 10. Na2 a5 11. Nc1 Nbd7 12. Nb3 Nf8 13. Bc4 d5 14. exd5 cxd5 15. Bb5+ Bd7 16. Qe2 Rb8 17. Bxd7+ N8xd7 18. Qa6 Qc7 19. O-O-O O-O 20. Qxa5 Qc6 21. Nc5 Rfc8 22. Qa6 Rb6 23. Qd3 b3 24. Nxb3 Qxa4 25. g4 Rxb3 0-1


[Site "https://www.chess.com"]

[Event "Titled Tuesday Blitz October 11 Early 2022"]
[White "Rosenberg, Evan S"]
[Black "Clawitter, Craig"]
[WhiteFideId "2019299"]
[BlackFideId "2023105"]
[WhiteElo "2418"]
[BlackElo "2290"]
[Result "1-0"]
[Round "07"]
[TimeControl "180+1"]
[Date "2022.10.12"]
[WhiteClock "0:00:15"]
[BlackClock "0:00:13"]

1. e4 e6 2. d4 d5 3. e5 c5 4. c3 Qb6 5. Nf3 Nc6 6. Bd3 cxd4 7. O-O Bd7 8. cxd4 Nxd4 9. Nxd4 Qxd4 10. Nc3 a6 11. Qe2 Ne7 12. Kh1 Nc6 13. f4 Nb4 14. Rd1 Bc5 15. Bxa6 Qf2 16. Bb5 Nc2 17. Bxd7+ Kxd7 18. Qb5+ Kc7 19. Rb1 Ne1 20. Qxc5+ Qxc5 21. Rxe1 Rhc8 22. Bd2 Kd7 23. a4 Ra6 24. Rbc1 Qe7 25. g3 Rac6 26. Rcd1 Ke8 27. Be3 Rc4 28. Nb5 Kf8 29. Nd6 R8c6 30. Nxc4 Rxc4 31. b3 Rc3 32. Rc1 Rxc1 33. Rxc1 g6 34. Bc5 1-0


[Site "https://www.chess.com"]

[Event "Titled Tuesday Blitz October 11 Early 2022"]
[White "Rosh Jain"]
[Black "Kalajzic, Ivan"]
[WhiteFideId "25789465"]
[BlackFideId "14506378"]
[WhiteElo "2233"]
[BlackElo "2163"]
[Result "0-1"]
[Round "07"]
[TimeControl "180+1"]
[Date "2022.10.12"]
[WhiteClock "0:00:03"]
[BlackClock "0:00:18"]

1. e4 Nc6 2. d4 e5 3. c3 Nf6 4. d5 Ne7 5. Bd3 Ng6 6. Be3 d6 7. f3 Be7 8. Ne2 Nh5 9. Qd2 h6 10. g4 Bh4+ 11. Kd1 Nf6 12. Na3 a6 13. Nc2 Nh7 14. Ne1 Bg5 15. Ng2 Bxe3 16. Nxe3 Qg5 17. Kc2 Bd7 18. Raf1 c5 19. Nc4 Qe7 20. h3 O-O 21. f4 exf4 22. Nxf4 Ne5 23. Nxe5 Qxe5 24. Ng2 b5 25. Qf4 Qe7 26. Re1 Rfe8 27. Kc1 a5 28. Ne3 Qe5 29. Qxe5 Rxe5 30. Nf5 Bxf5 31. exf5 c4 32. Rxe5 dxe5 33. Be4 Nf6 34. Bg2 Rd8 35. Re1 Nd7 36. d6 Nc5 37. Kc2 Nd3 38. Re3 Rxd6 39. Bf1 f6 40. Bxd3 cxd3+ 41. Rxd3 Rxd3 42. Kxd3 Kf7 43. c4 bxc4+ 44. Kxc4 Ke7 45. Kb5 Kd6 46. Kc4 Kc6 0-1


[Site "https://www.chess.com"]

[Event "Titled Tuesday Blitz October 11 Early 2022"]
[White "Sadubayev, Airat"]
[Black "Remizov, Yaroslav"]
[WhiteFideId "13713264"]
[BlackFideId "34134015"]
[WhiteElo "2215"]
[BlackElo "2417"]
[Result "1-0"]
[Round "07"]
[TimeControl "180+1"]
[Date "2022.10.11"]
[WhiteClock "0:00:08"]
[BlackClock "0:00:01"]

1. e4 c6 2. d4 d5 3. e5 Bf5 4. Nd2 e6 5. Nb3 Nd7 6. Nf3 a6 7. Be3 Ne7 8. Be2 Be4 9. O-O Nf5 10. Rc1 c5 11. c3 cxd4 12. cxd4 Bxf3 13. Bxf3 Be7 14. Bf4 O-O 15. Qd2 Qb6 16. Be2 Rfc8 17. g4 Nh4 18. Bg3 a5 19. Rxc8+ Rxc8 20. Rc1 Rxc1+ 21. Nxc1 Ng6 22. f4 f6 23. Kg2 fxe5 24. fxe5 h6 25. Qc2 Ndf8 26. Bd3 Nh4+ 27. Bxh4 Bxh4 28. Ne2 Be7 29. Kg3 Qb4 30. Qc3 Qb6 31. h4 Qd8 32. h5 Bh4+ 33. Kf3 Qe7 34. Qd2 Bg5 35. Qc2 Qf7+ 36. Kg2 Bh4 37. Ng1 Qf4 38. Qe2 Qg3+ 39. Kf1 1-0


[Site "https://www.chess.com"]

[Event "Titled Tuesday Blitz October 11 Early 2022"]
[White "Samaganova, Aleksandra"]
[Black "Buscar, Michael"]
[WhiteFideId "13800221"]
[BlackFideId "2603616"]
[WhiteElo "1864"]
[BlackElo "2010"]
[Result "1-0"]
[Round "07"]
[TimeControl "180+1"]
[Date "2022.10.12"]
[WhiteClock "0:00:05"]
[BlackClock "0:00:01"]

1. c4 e5 2. Nc3 Nc6 3. g3 g6 4. Bg2 Bg7 5. e3 Nge7 6. Nge2 O-O 7. O-O d6 8. d3 f5 9. Rb1 Be6 10. Nd5 Qd7 11. Nec3 Nd8 12. b4 c6 13. Nxe7+ Qxe7 14. b5 Kh8 15. a4 g5 16. bxc6 bxc6 17. Bd2 Rc8 18. f4 e4 19. Qc2 gxf4 20. gxf4 Qf7 21. dxe4 Bxc4 22. Rf2 fxe4 23. Nxe4 Qg6 24. Qxc4 d5 25. Qb4 dxe4 26. Qxe4 Qg4 27. Kh1 c5 28. Bf3 Qd7 29. Rg2 c4 30. Bb4 Re8 31. Qc2 Qd3 32. Bg4 Rb8 33. Bf5 Qxc2 34. Bxc2 Rxe3 35. Bd6 Rxb1+ 36. Bxb1 c3 37. Rg1 1-0


[Site "https://www.chess.com"]

[Event "Titled Tuesday Blitz October 11 Early 2022"]
[White "Samarth, J Rao"]
[Black "Zhao, Jun"]
[WhiteFideId "46652370"]
[BlackFideId "8602522"]
[WhiteElo "1564"]
[BlackElo "2547"]
[Result "0-1"]
[Round "07"]
[TimeControl "180+1"]
[Date "2022.10.12"]
[WhiteClock "0:00:15"]
[BlackClock "0:00:30"]

1. c4 Nf6 2. Nc3 g6 3. d4 Bg7 4. e4 d6 5. f4 O-O 6. Nf3 c5 7. d5 e6 8. Be2 exd5 9. cxd5 Bg4 10. h3 Bxf3 11. Bxf3 Na6 12. O-O Nd7 13. g4 c4 14. Kg2 Nac5 15. Qc2 Nd3 16. Rd1 N7c5 17. Be3 Rb8 18. a4 a6 19. a5 b5 20. axb6 Rxb6 21. Na4 Nxa4 22. Bxb6 Nxf4+ 23. Kg3 Nxb6 24. Kxf4 Qh4 25. Ke3 Qxh3 26. Qf2 Qh6+ 27. Ke2 Nd7 28. Rxa6 Be5 29. Qe3 Bf4 30. Qf2 Rb8 31. Ra2 Nc5 32. Rh1 Qg7 33. Rb1 Qe5 34. Qe1 Nd3 35. Qg1 Bg5 36. b3 Qc3 37. Qd1 Ne5 38. Kf2 cxb3 39. Rab2 Nd3+ 0-1


[Site "https://www.chess.com"]

[Event "Titled Tuesday Blitz October 11 Early 2022"]
[White "Saucey, Michel"]
[Black "Lauridsen, Jesper Morch"]
[WhiteFideId "601845"]
[BlackFideId "1401890"]
[WhiteElo "2253"]
[BlackElo "2188"]
[Result "1-0"]
[Round "07"]
[TimeControl "180+1"]
[Date "2022.10.12"]
[WhiteClock "0:00:35"]
[BlackClock "0:00:04"]

1. d4 Nf6 2. c4 c5 3. d5 e6 4. Nc3 exd5 5. cxd5 d6 6. Nf3 g6 7. Nd2 Bg7 8. e4 O-O 9. Be2 Nbd7 10. O-O a6 11. a4 Nb6 12. h3 Rb8 13. Re1 Nfd7 14. a5 Na8 15. Nc4 Qe7 16. Bf4 Ne5 17. Bg3 b5 18. axb6 Nxb6 19. Na5 Ra8 20. f4 Ned7 21. Qc2 Bd4+ 22. Kh2 h5 23. Bf3 h4 24. Bf2 Bxf2 25. Qxf2 Qf6 26. Bg4 Nb8 27. Bxc8 Rxc8 28. Qf3 N6d7 29. Re2 Re8 30. Rae1 Ra7 31. Nc4 Rb7 32. e5 dxe5 33. fxe5 Qxf3 34. gxf3 Nb6 35. Nd6 Rbe7 36. Nxe8 Rxe8 37. e6 fxe6 38. Rxe6 Rxe6 39. Rxe6 N8d7 40. Rxg6+ Kf7 41. Rh6 Nc4 42. Na4 Nce5 43. Kg2 Nf6 44. Nxc5 Ng6 45. d6 Kg7 46. Rxg6+ Kxg6 47. d7 Nxd7 48. Nxd7 Kf5 49. Kf2 1-0


[Site "https://www.chess.com"]

[Event "Titled Tuesday Blitz October 11 Early 2022"]
[White "Schut, Han"]
[Black "Martynenko, Ivan"]
[WhiteFideId "1005561"]
[BlackFideId "2053179"]
[WhiteElo "2024"]
[BlackElo "2224"]
[Result "0-1"]
[Round "07"]
[TimeControl "180+1"]
[Date "2022.10.12"]
[WhiteClock "0:00:02"]
[BlackClock "0:00:13"]

1. e4 c5 2. Nf3 d6 3. d4 cxd4 4. Nxd4 Nf6 5. f3 a6 6. c4 e6 7. Nc3 Nc6 8. Be3 Nxd4 9. Bxd4 Bd7 10. Rc1 Bc6 11. Be2 h6 12. O-O g5 13. Qd2 Rg8 14. Qe3 Nd7 15. Qf2 e5 16. Be3 Rc8 17. b4 b6 18. a4 Bb7 19. Rfd1 a5 20. bxa5 bxa5 21. Nb5 Nc5 22. Bxc5 Rxc5 23. Qxc5 dxc5 24. Rxd8+ Kxd8 25. Rd1+ Kc8 26. h3 Be7 27. f4 Bxe4 28. Bg4+ f5 29. Bh5 gxf4 30. Bf7 Rxg2+ 31. Kf1 Rh2 32. Be6+ Kb8 33. Rd7 Bh4 34. Nd6 Bf3 35. Rd8+ Bxd8 0-1


[Site "https://www.chess.com"]

[Event "Titled Tuesday Blitz October 11 Early 2022"]
[White "Sernecki, Franciszek"]
[Black "Bethke, Richard"]
[WhiteFideId "1169297"]
[BlackFideId "12959243"]
[WhiteElo "2209"]
[BlackElo "2369"]
[Result "1-0"]
[Round "07"]
[TimeControl "180+1"]
[Date "2022.10.12"]
[WhiteClock "0:01:47"]
[BlackClock "0:00:51"]

1. c4 Nf6 2. Nc3 e6 3. e4 d5 4. cxd5 exd5 5. e5 Ne4 6. Nf3 Nc6 7. d3 Nxc3 8. bxc3 d4 9. Bb2 Bg4 10. Be2 dxc3 11. Bxc3 Bc5 12. O-O O-O 13. h3 Bh5 14. d4 Bxf3 15. Bxf3 Bxd4 16. Bxd4 Nxd4 17. Bxb7 Rb8 18. Be4 Re8 19. Qd3 Rxe5 20. Bxh7+ Kh8 21. Rad1 Rd5 22. Be4 Rd6 23. Qe3 Rb2 24. Kh1 Rxa2 25. Rd3 c5 26. Rfd1 Re2 27. Qxe2 Nxe2 28. Rxd6 1-0


[Site "https://www.chess.com"]

[Event "Titled Tuesday Blitz October 11 Early 2022"]
[White "Shimanov, Aleksandr"]
[Black "Hristodoulou, Panagiotis"]
[WhiteFideId "4198603"]
[BlackFideId "4214340"]
[WhiteElo "2605"]
[BlackElo "2272"]
[Result "1-0"]
[Round "07"]
[TimeControl "180+1"]
[Date "2022.10.11"]
[WhiteClock "0:00:19"]
[BlackClock "0:00:03"]

1. e4 e5 2. Nf3 Nc6 3. Nc3 Nf6 4. h3 Bb4 5. Nd5 Bc5 6. c3 O-O 7. d3 Nxd5 8. exd5 Ne7 9. Nxe5 Re8 10. d4 d6 11. Nxf7 Nf5+ 12. Be2 Kxf7 13. dxc5 Qe7 14. cxd6 cxd6 15. Be3 Nxe3 16. fxe3 Qh4+ 17. Kd2 Kg8 18. Bf3 Bd7 19. Re1 Bb5 20. a4 Bc4 21. Kc1 Rac8 22. a5 Qg5 23. Qd4 Qg3 24. Qd2 Bb5 25. b3 Rc5 26. Kb2 Rec8 27. Rac1 Bd7 28. b4 R5c7 29. e4 b6 30. axb6 axb6 31. Qe3 h6 32. Bg4 Qxg2+ 33. Re2 1-0


[Site "https://www.chess.com"]

[Event "Titled Tuesday Blitz October 11 Early 2022"]
[White "Shuvalov, Evgenij"]
[Black "Sanchez, Robert"]
[WhiteFideId "4187237"]
[BlackFideId "2034360"]
[WhiteElo "2049"]
[BlackElo "2418"]
[Result "1-0"]
[Round "07"]
[TimeControl "180+1"]
[Date "2022.10.12"]
[WhiteClock "0:00:13"]
[BlackClock "0:00:09"]

1. d4 Nf6 2. c4 e6 3. Nf3 Bb4+ 4. Nbd2 b6 5. g3 Be7 6. Bg2 Bb7 7. O-O O-O 8. Qc2 d6 9. e4 Nbd7 10. Re1 e5 11. d5 a5 12. b3 Nc5 13. a3 c6 14. Bb2 cxd5 15. exd5 b5 16. Nh4 g6 17. f4 Ng4 18. Nhf3 exf4 19. gxf4 b4 20. Ne4 Nxe4 21. Rxe4 Bf6 22. h3 Nh6 23. Nd4 Qd7 24. Rae1 bxa3 25. Bxa3 Nf5 26. Nxf5 Qxf5 27. Bxd6 Rfc8 28. Qf2 a4 29. bxa4 h5 30. Qa2 Bh4 31. R1e2 Qd7 32. Be5 Rxa4 33. Qb2 Raxc4 34. Bh8 f5 35. Re7 Rc1+ 36. Kh2 1-0


[Site "https://www.chess.com"]

[Event "Titled Tuesday Blitz October 11 Early 2022"]
[White "Shvedova, Alexandra"]
[Black "Sargsyan, Anna M."]
[WhiteFideId "54154782"]
[BlackFideId "13308130"]
[WhiteElo "2090"]
[BlackElo "2284"]
[Result "0-1"]
[Round "07"]
[TimeControl "180+1"]
[Date "2022.10.12"]
[WhiteClock "0:00:47"]
[BlackClock "0:01:48"]

1. Nf3 d5 2. g3 Nf6 3. Bg2 Bf5 4. O-O e6 5. d3 h6 6. b3 Be7 7. Bb2 O-O 8. Nbd2 c5 9. Re1 Nc6 10. e4 Bh7 11. e5 Nd7 12. Qe2 b5 13. c3 Qc7 14. d4 cxd4 15. cxd4 Nb4 16. Rec1 Qb7 17. Rc3 Rfc8 18. a3 Rxc3 19. Bxc3 Nc2 20. Ra2 Nxa3 21. Bb2 Nc2 22. Ne1 Nxe1 23. Qxe1 a5 24. Nf1 a4 25. bxa4 bxa4 26. Ne3 Qb3 27. Qa1 a3 28. Bc1 Bb1 29. Re2 a2 30. Rb2 Qd3 31. Rd2 Qb5 32. Bf1 Qc6 33. Bb2 Bb4 34. Rd1 Nb6 35. Bd3 Bxd3 36. Rxd3 Nc4 37. Nd1 Nxb2 38. Nxb2 Qc2 39. Rd1 Bc3 40. Rc1 Qxb2 0-1


[Site "https://www.chess.com"]

[Event "Titled Tuesday Blitz October 11 Early 2022"]
[White "Silva, Pedro Gil Ferreira Da"]
[Black "Fajdetic, Hrvoje"]
[WhiteFideId "1946102"]
[BlackFideId "14501945"]
[WhiteElo "2170"]
[BlackElo "2172"]
[Result "1-0"]
[Round "07"]
[TimeControl "180+1"]
[Date "2022.10.12"]
[WhiteClock "0:00:48"]
[BlackClock "0:00:01"]

1. e4 c5 2. Nf3 a6 3. c4 Nc6 4. Nc3 g6 5. d4 cxd4 6. Nxd4 Bg7 7. Be3 d6 8. Be2 Nf6 9. O-O O-O 10. Qd2 Nxd4 11. Bxd4 Be6 12. Rfd1 Rc8 13. b3 Qa5 14. Rac1 Nd7 15. Bxg7 Kxg7 16. Qb2 f6 17. a3 Qg5 18. g3 h5 19. h4 Qc5 20. b4 Qa7 21. Nd5 Bxd5 22. exd5 Ne5 23. Kg2 Rc7 24. Rd4 b5 25. f4 Nxc4 26. Bxc4 bxc4 27. Rdxc4 Rfc8 28. Qe2 a5 29. Rc6 axb4 30. axb4 Qb7 31. b5 Kf8 32. Qc4 Rxc6 33. bxc6 Qb2+ 34. Rc2 Qb1 35. Re2 Qd1 36. Qe4 Rc7 37. Kf2 Qb3 38. Re3 Qb2+ 39. Kf3 Kg7 40. Re2 Qc1 41. Kg2 Qc5 42. Rb2 Qc1 43. Qc2 Qxc2+ 44. Rxc2 Kf7 45. Rb2 e6 46. Rb7 Re7 47. c7 exd5 1-0


[Site "https://www.chess.com"]

[Event "Titled Tuesday Blitz October 11 Early 2022"]
[White "Skliarov, Viktor"]
[Black "Zaloznyy, Mike"]
[WhiteFideId "14106736"]
[BlackFideId "2023075"]
[WhiteElo "2284"]
[BlackElo "2126"]
[Result "1-0"]
[Round "07"]
[TimeControl "180+1"]
[Date "2022.10.12"]
[WhiteClock "0:00:17"]
[BlackClock "0:00:06"]

1. e4 c6 2. d4 d5 3. e5 c5 4. dxc5 e6 5. a3 Bxc5 6. b4 Be7 7. Bb2 f6 8. Nf3 a5 9. b5 Nd7 10. Bd3 Nh6 11. O-O Nf7 12. exf6 Bxf6 13. Bxf6 Qxf6 14. Nbd2 e5 15. Ne1 e4 16. Be2 O-O 17. c4 Qe5 18. cxd5 Nf6 19. Nc4 Qxd5 20. Nb6 Qxd1 21. Rxd1 Rb8 22. Nc2 Be6 23. Ne3 Rfd8 24. h3 Ne5 25. Rxd8+ Rxd8 26. Rc1 Rd6 27. Nbc4 Bxc4 28. Nxc4 Nxc4 29. Rxc4 Rd2 30. Bg4 Rb2 31. Rc8+ Kf7 32. Rc7+ Kg6 33. Rxb7 h5 34. Be6 h4 35. b6 e3 36. fxe3 Ne4 37. Kf1 Nc5 38. Bf7+ Kf6 39. Rc7 Rxb6 40. Rxc5 Kxf7 41. Rxa5 Rb2 42. Rh5 Ra2 43. Rxh4 Rxa3 44. Kf2 Kf6 45. Kf3 g5 46. Rd4 Kf5 47. Rd5+ Kg6 48. g3 Rb3 49. Rd6+ Kh5 50. Rd4 Kg6 51. h4 gxh4 52. Rxh4 Rc3 53. Kf4 Rc4+ 54. e4 Ra4 55. Rg4+ Kf6 56. Rg8 Kf7 57. Rb8 Ra5 58. Rb7+ Kf6 59. Rb6+ Kf7 60. g4 Kg7 61. e5 Kf7 62. Kf5 Kg7 63. g5 Ra7 64. e6 Re7 65. Ke5 Kg6 66. Kd6 Re8 67. Kd7 Rh8 68. e7+ Kxg5 69. e8=Q Rxe8 70. Kxe8 Kf5 71. Ke7 Ke5 72. Rb5+ Kd4 73. Kd6 Kc4 74. Rc5+ Kd4 75. Kc6 Kd3 76. Kd5 Ke3 77. Rc4 Kd3 78. Kc5 Ke3 79. Rd4 Kf3 80. Kd5 Ke3 81. Ke5 Kf3 82. Re4 Kf2 83. Kf4 Kg2 84. Re2+ Kh3 85. Rf2 Kh4 86. Rh2# 1-0


[Site "https://www.chess.com"]

[Event "Titled Tuesday Blitz October 11 Early 2022"]
[White "Slaby, Jerzy"]
[Black "Moreno Perez, Tobias Sebastian"]
[WhiteFideId "1121405"]
[BlackFideId "186716"]
[WhiteElo "2541"]
[BlackElo "2478"]
[Result "1-0"]
[Round "07"]
[TimeControl "180+1"]
[Date "2022.10.12"]
[WhiteClock "0:01:17"]
[BlackClock "0:00:17"]

1. Nf3 d5 2. c4 c6 3. d4 Nf6 4. g3 dxc4 5. Bg2 Nbd7 6. O-O Nb6 7. a4 a5 8. Nc3 Bg4 9. Ne5 Be6 10. e4 g6 11. Qe2 Bg7 12. Rd1 O-O 13. Be3 Qc7 14. f4 Nfd7 15. h4 Nxe5 16. dxe5 Rfd8 17. Qf2 Rxd1+ 18. Rxd1 Nc8 19. f5 Bd7 20. f6 Bf8 21. Bf4 Be6 22. Kh2 Nb6 23. Be3 Nd7 24. Bf4 Nxe5 25. fxe7 Bxe7 26. Qd4 f6 27. Bxe5 Qxe5 28. Qb6 Rb8 29. Ne2 Bc5 30. Rd8+ Kg7 31. Qxa5 Bg1+ 32. Nxg1 Qxa5 33. Rxb8 Qb6 34. a5 Qxb2 35. a6 Qb6 36. Rxb7+ 1-0


[Site "https://www.chess.com"]

[Event "Titled Tuesday Blitz October 11 Early 2022"]
[White "Soto Vega, Jorge"]
[Black "Halkias, Stelios"]
[WhiteFideId "3800580"]
[BlackFideId "4201809"]
[WhiteElo "2263"]
[BlackElo "2453"]
[Result "0-1"]
[Round "07"]
[TimeControl "180+1"]
[Date "2022.10.12"]
[WhiteClock "0:00:19"]
[BlackClock "0:01:22"]

1. e4 e5 2. Nf3 Nc6 3. Bc4 Nf6 4. Ng5 d5 5. exd5 Na5 6. Bb5+ c6 7. dxc6 bxc6 8. Bd3 Nd5 9. Nf3 Bd6 10. O-O Nf4 11. Re1 Nxd3 12. cxd3 O-O 13. Nxe5 c5 14. d4 cxd4 15. d3 Bb7 16. Nd2 Bxe5 17. Rxe5 Nc6 18. Re1 Qd5 19. Qb3 Nb4 20. Qxd5 Bxd5 21. Rd1 Nc2 22. Rb1 Bxa2 23. b3 Bxb1 24. Nxb1 Rab8 25. Nd2 Rfe8 26. Kf1 a5 27. h4 Rec8 28. Nc4 Rxb3 29. Nxa5 Rb1 30. Nc4 h5 31. Ke2 Nb4 32. Kd2 Rb3 33. Ke2 Re8+ 34. Kf1 Rxd3 35. Bd2 Nd5 36. Ra1 Nc3 37. Ra5 Rc8 38. Nd6 Rxd2 0-1


[Site "https://www.chess.com"]

[Event "Titled Tuesday Blitz October 11 Early 2022"]
[White "Sowul, Bartosz"]
[Black "Horak, Martin"]
[WhiteFideId "1137590"]
[BlackFideId "367095"]
[WhiteElo "2188"]
[BlackElo "2091"]
[Result "1-0"]
[Round "07"]
[TimeControl "180+1"]
[Date "2022.10.12"]
[WhiteClock "0:00:19"]
[BlackClock "0:00:02"]

1. e4 c6 2. d4 d5 3. exd5 cxd5 4. Nf3 Nc6 5. Bb5 Bg4 6. h3 Bxf3 7. Qxf3 Nf6 8. c3 e6 9. O-O Bd6 10. Bg5 Rc8 11. Nd2 Be7 12. Qe2 O-O 13. Nf3 Ne4 14. Bf4 Bd6 15. Bxd6 Qxd6 16. Bd3 f5 17. Bxe4 fxe4 18. Nd2 e5 19. f3 exf3 20. Nxf3 e4 21. Nh2 Ne7 22. Qg4 Ng6 23. Rxf8+ Rxf8 24. Rf1 Nf4 25. g3 h5 26. Qd1 Nxh3+ 27. Kg2 Rxf1 28. Nxf1 Ng5 29. Qxh5 Nf7 30. Ne3 Qb6 31. b4 Qa6 32. Nxd5 Qxa2+ 33. Kh3 Qc4 34. Ne7+ Kf8 35. Ng6+ Kg8 36. Ne7+ Kf8 37. Ng6+ Kg8 38. Qf5 Qxc3 39. Qxe4 Qc4 40. Qe8+ Kh7 41. Nf8+ Kh6 42. Qe3+ Ng5+ 43. Kh4 1-0


[Site "https://www.chess.com"]

[Event "Titled Tuesday Blitz October 11 Early 2022"]
[White "Stribuk, Artiom"]
[Black "Czernek, Tymon"]
[WhiteFideId "13515659"]
[BlackFideId "1199510"]
[WhiteElo "2279"]
[BlackElo "2240"]
[Result "1-0"]
[Round "07"]
[TimeControl "180+1"]
[Date "2022.10.12"]
[WhiteClock "0:01:42"]
[BlackClock "0:00:44"]

1. d4 Nf6 2. c4 e6 3. g3 d5 4. Bg2 Bb4+ 5. Bd2 Bxd2+ 6. Nxd2 O-O 7. Ngf3 b6 8. O-O Bb7 9. cxd5 exd5 10. b4 Ne4 11. Qb3 Nd7 12. Rac1 Ndf6 13. e3 Rc8 14. a4 Qe7 15. Nxe4 Nxe4 16. Rc2 Kh8 17. Rfc1 f6 18. b5 a6 19. Nd2 Nxd2 20. Rxd2 axb5 21. axb5 Rfd8 22. Rdc2 Rd7 23. Bh3 Rcd8 24. Qa2 Ra8 25. Qxa8+ Bxa8 26. Bxd7 h5 27. Rxc7 Qb4 28. Bf5 1-0


[Site "https://www.chess.com"]

[Event "Titled Tuesday Blitz October 11 Early 2022"]
[White "Svane, Rasmus"]
[Black "Zou, Chen"]
[WhiteFideId "4657101"]
[BlackFideId "8610959"]
[WhiteElo "2674"]
[BlackElo "2325"]
[Result "1/2-1/2"]
[Round "07"]
[TimeControl "180+1"]
[Date "2022.10.11"]
[WhiteClock "0:01:20"]
[BlackClock "0:00:08"]

1. Nf3 Nf6 2. g3 d5 3. Bg2 e6 4. O-O Be7 5. c4 O-O 6. b3 c5 7. cxd5 Nxd5 8. Nc3 Nc6 9. Nxd5 exd5 10. d4 Bg4 11. Ne5 Nxe5 12. dxe5 Qd7 13. Qxd5 Qxd5 14. Bxd5 Bxe2 15. Bxb7 Bxf1 16. Bxa8 Rxa8 17. Kxf1 a5 18. a4 Rb8 19. Bd2 Rxb3 20. Bxa5 h5 21. Bd2 c4 22. Be3 c3 23. Ke2 c2 24. Ra2 Rxe3+ 25. Kd2 Rc3 26. Rxc2 Rxc2+ 27. Kxc2 Bb4 28. Kb3 Be1 29. f3 Kf8 30. Kc4 Ke7 31. Kd5 g6 32. a5 Bxa5 33. f4 Bb6 34. h3 Bf2 35. g4 hxg4 36. hxg4 Bg3 37. f5 g5 38. Kd4 Bf2+ 39. Kd5 f6 40. e6 Be1 41. Kc6 Bb4 42. Kd5 Bd6 43. Kc6 Bf4 44. Kd5 Bg3 45. Kc6 Kd8 46. Kb7 Bh2 47. Kc6 Ke7 48. Kc5 Bg3 49. Kc6 Bf2 50. Kd5 Bg1 51. Kc6 Bh2 52. Kd5 Bg3 53. Kc6 1/2-1/2


[Site "https://www.chess.com"]